 Dungeon Crawl Stone Soup version 0.31-a0-187-gba352fbbf7 (webtiles) character file.

Game seed: 14515350403817642214

70 qw the Shooter (level 4, 0/25 HPs)
             Began as a Deep Elf Hunter on June 22, 2023.
             Slain by an orc
             ... wielding a +0 trident
              (7 damage)
             ... on level 3 of the Dungeon.
             The game lasted 00:00:27 (1388 turns).

qw the Shooter (Deep Elf Hunter)                    Turns: 1388, Time: 00:00:28

Health: 0/25       AC:  5    Str: 10    XL:     4   Next: 4%
Magic:  6/6        EV: 11    Int: 14    God:
Gold:   115        SH:  0    Dex: 18    Spells: 3/3 levels left

rFire   + . .        Y - +1 shortbow
rCold   . . .        (shield currently unavailable)
rNeg    + . .        g - +0 ring mail
rPois   .            (no helmet)
rElec   .            (no cloak)
rCorr   .            (no gloves)
SInv    .            (no boots)
Will    .....        (no amulet)
Stlth   +            l - ring of protection from fire
HPRegen 0.24/turn    m - ring of positive energy
MPRegen 0.10/turn

%: no passive effects
@: no status effects
A: no striking features
a: no special abilities


You were on level 3 of the Dungeon.
You visited 1 branch of the dungeon, and saw 3 of its levels.

You collected 115 gold pieces.


   Skills:
 - Level 1.5 Fighting
 + Level 7.4 Ranged Weapons
 - Level 2.4 Dodging
 - Level 1.2 Stealth


You had 3 spell levels left.
You didn't know any spells.
Your spell library was empty.

Inventory:

Hand Weapons
 Y - a +1 shortbow (weapon)
Armour
 g - a +0 ring mail (worn)
Jewellery
 l - a ring of protection from fire (left hand)
 m - a ring of positive energy (right hand)
Potions
 a - a potion of heal wounds {unknown}
 b - a potion of ambrosia {unknown}
 d - a potion of cancellation {unknown}
 i - a potion of brilliance {unknown}

Dungeon Overview and Level Annotations

Branches:
Dungeon (3/15)

Altars:
Kikubaaqudgha

Shops:
D:1 (:[

Annotations:
D:3 Sigmund


Message History

You shoot an arrow. The arrow hits the adder.
The adder is heavily wounded.
The adder barely misses you.
You shoot an arrow. The arrow hits the adder!
You kill the adder!
The orc priest looks satisfied for a moment.
You shoot an arrow. The arrow barely misses the hobgoblin.
The arrow hits the orc!
You kill the orc!
The hobgoblin hits you.
The orc priest calls down the wrath of Beogh upon you.
Beogh smites you!
Ouch! That really hurt!
You have reached level 4!
You feel clever.
1377 ||| READING scroll of teleportation.
As you read the scroll of teleportation, it crumbles to dust.
You feel strangely unstable.
The hobgoblin hits you but does no damage.
You shoot an arrow. The arrow closely misses the hobgoblin.
The arrow hits the orc.
You kill the orc!
The hobgoblin barely misses you. Something hits you but does no damage.
The goblin hits you but does no damage.
You shoot an arrow. The arrow hits the goblin.
The goblin is moderately wounded.
The hobgoblin closely misses you. The goblin hits you but does no damage.
You shoot an arrow. The arrow barely misses the goblin.
The arrow barely misses the orc.
The arrow hits the orc priest!
The orc priest is heavily wounded.
Your surroundings suddenly seem different.
An orc comes into view. It is wielding a +0 trident.
Found 6 poisoned darts.
Found an ancient bone altar of Kikubaaqudgha.
Autopickup is now on.
The orc shouts!
Found a robe.
The orc hits you with a +0 trident.
You shoot an arrow. The arrow closely misses the orc.
The orc hits you with a +0 trident!
You die...

# ..
##.#####
#......####
#.###.@P..#
#..o...#
........#
#....#...P#
#._..##..P..
#....# P....
#....P ..(..
#.#[.. P.#.


You could see an orc.

Vanquished Creatures
  Jessica (D:2)
  An adder (D:3)
  2 orcs (D:3)
  A ball python (D:2)
  5 endoplasms
  3 giant cockroaches (D:1)
  A goblin (D:1)
  A hobgoblin (D:1)
  3 kobolds
  3 quokkas
  5 bats
  4 frilled lizards
  A rat (D:2)
31 creatures vanquished.

Notes
Turn   | Place    | Note
-------+----------+-------------------------------------------
     0 | D:1      | qw the Deep Elf Hunter began the quest for the Orb.
     0 | D:1      | Reached XP level 1. HP: 12/12 MP: 3/3
     0 | D:1      | 0 ||| qw: Version: 0.3-a-9-g12657ce
     0 | D:1      | 0 ||| qw: Game counter: 2686
     0 | D:1      | 0 ||| qw: Always use a shield: true
     0 | D:1      | 0 ||| qw: God list: Okawaru
     0 | D:1      | 0 ||| qw: Allow faded altars: false
     0 | D:1      | 0 ||| qw: Do Orc after D:15 true
     0 | D:1      | 0 ||| qw: Do second Lair branch before Depths: true
     0 | D:1      | 0 ||| qw: Lair rune preference: random
     0 | D:1      | 0 ||| qw: Plans: Normal
     0 | D:1      | 0 ||| PLANNING D:1-11
   205 | D:1      | Reached skill level 6 in Ranged Weapons
   205 | D:1      | Reached XP level 2. HP: 16/16 MP: 4/4
   262 | D:1      | Found Eskimmee's Weapon Boutique.
   340 | D:1      | Found Quyl's Antique Armour Shop.
   346 | D:1      | 346 ||| SHOPLISTING pair of gloves (94 gold, have 29).
   403 | D:1      | Found Hunai's Book Boutique.
   701 | D:1      | 701 ||| UPGRADING to +0 leather armour of willpower.
   711 | D:1      | 711 ||| DROPPING +0 leather armour.
   712 | D:1      | 712 ||| UPGRADING to +0 scale mail.
   722 | D:1      | 722 ||| DROPPING +0 leather armour of willpower.
   723 | D:1      | 723 ||| UPGRADING to +0 ring mail.
   733 | D:1      | 733 ||| DROPPING +0 scale mail.
   734 | D:1      | 734 ||| UPGRADING to ring of protection from fire.
   735 | D:1      | 735 ||| READING scroll labelled JOERIV BOADUKA.
   736 | D:1      | 736 ||| READING scroll labelled UPREFEA YZXEMO.
   741 | D:1      | 741 ||| READING scroll labelled GEOPSA TIADU.
   742 | D:1      | 742 ||| DROPPING scroll of butterflies.
   814 | D:2      | Noticed Jessica
   818 | D:2      | Killed Jessica
   819 | D:2      | Reached skill level 7 in Ranged Weapons
   819 | D:2      | Reached XP level 3. HP: 20/20 MP: 5/5
  1178 | D:2      | 1178 ||| DROPPING ring of flight.
  1179 | D:2      | 1179 ||| UPGRADING to ring of positive energy.
  1180 | D:2      | 1180 ||| READING scroll labelled VIXZOH ISCHIXOE.
  1181 | D:2      | 1181 ||| READING scroll labelled RUTEAPRAIGH.
  1213 | D:2      | 1213 ||| READING scroll labelled OCKUMM FOQO.
  1214 | D:2      | 1214 ||| DRINKING 2 murky dark potions.
  1319 | D:2      | 1319 ||| DROPPING potion of berserk rage.
  1370 | D:3      | Noticed Sigmund
  1376 | D:3      | HP: 5/20 [orc priest/divine providence (11)]
  1377 | D:3      | Reached XP level 4. HP: 6/25 MP: 6/6
  1377 | D:3      | 1377 ||| READING scroll of teleportation.
  1380 | D:3      | Found an ancient bone altar of Kikubaaqudgha.
  1387 | D:3      | HP: 6/25 [orc/+0 trident (3)]
  1388 | D:3      | Slain by an orc

Levels and vault maps discovered:
D:1:      dpeg_arrival_refuge, layout_basic, serial_shops, shop, shop,
          shop_fountains, nrook_campfire
D:2:      layout_rooms, uniq_jessica
D:3:      layout_basic, kiku_gazebo_garden_becter, mainiacjoe_overflow_catwalk,
          lemuel_crystal_altar, uniq_crazy_yiuf_cottage, uniq_sigmund

Skill      XL: |  1  2 |
---------------+-------+-----
Ranged Weapons | 6 7 |  7.4
Fighting       | |  1.5
Dodging        | |  2.4
Stealth        | |  1.2

Action                     |  1- 3 |  4- 6 || total
---------------------------+-------+-------++-------
   Fire: Shortbow          |    60 |     4 ||    64
    Use: Scroll            |     6 |     1 ||     7
         Potion            |     1 |       ||     1
 Armour: Ring mail         |     4 |     4 ||     8
         Leather armour    |     1 |       ||     1
  Dodge: Dodged            |    11 |     2 ||    13

Table legend:
 A = Non-vault XP
 B = Vault XP
 C = Vault XP percentage of total XP
 D = Non-vault monster count
 E = Vault monster count
 F = Vault count percentage of total count
                 A         B        C        D         E       F
            +---------+---------+-------+---------+---------+-------
      Total |      64 |      37 |  36.6 |      30 |       1 |   3.2
            +---------+---------+-------+---------+---------+-------
        D:1 |      26 |       0 |   0.0 |      16 |       0 |   0.0
        D:2 |      17 |      37 |  68.5 |      10 |       1 |   9.1
        D:3 |      21 |       0 |   0.0 |       4 |       0 |   0.0
            +---------+---------+-------+---------+---------+-------
